Map: Romanticide LE

Players

Antis

  • Race: Zerg Zerg

DisK - Winner!

  • Race: Protoss Protoss

Event: DreamHack SC2 Masters 2021 Fall

VOD

Have the link to the VOD?

Description

Time

  • Played on: Aug. 3, 2021, 5:07 p.m.
  • Length: 22:27

All games in this series

Show
View Real Time Build Order
Export as new Build Order

Antis Zerg 

Build Orders: Hatch First, Lurkers 

Get SALT Encoding   

  12  0:00  Drone  
  13  0:13  Overlord  
  13  0:16  Drone  
  14  0:31  Drone x2  
  16  0:48  Hatchery  
  15  0:51  Drone  
  15  0:54  Drone  
  17  0:57  Drone  
  18  1:07  Extractor  
  17  1:13  Spawning Pool  
  17  1:16  Drone  
  17  1:20  Drone  
  18  1:28  Drone  
  19  1:41  Drone  
  20  1:50  Overlord  
  20  2:00  Queen x2  
  20  2:01  Drone x2  
  26  2:13  Metabolic Boost, Drone x2  
  28  2:22  Drone  
  29  2:23  Drone  
  30  2:36  Hatchery  
  29  2:38  Zergling x4  
  31  2:45  Queen  
  31  2:50  Overlord  
  33  2:59  Drone x3  
  33  3:05  Overlord  
  36  3:11  Drone x5  
  41  3:17  Drone  
  42  3:22  Queen  
  42  3:26  Drone x3  
  47  3:32  Spore Crawler, Queen  
  48  3:37  Spore Crawler  
  48  3:39  Zergling x2  
  48  3:40  Zergling x2  
  49  3:42  Overlord  
  49  3:49  Zergling x2  
  49  3:50  Drone x4  
  49  3:54  Overlord  
  54  4:00  Overlord  
  54  4:06  Drone x4  
  58  4:12  Queen  
  58  4:14  Overlord  
  60  4:20  Drone x5  
  65  4:28  Extractor, Lair  
  65  4:30  Roach Warren  
  62  4:35  Drone x2  
  62  4:36  Drone  
  62  4:37  Evolution Chamber  
  64  4:41  Zergling x4  
  64  4:43  Drone x3  
  64  4:45  Drone x2  
  71  4:48  Drone x2  
  73  4:54  Overlord  
  72  5:04  Spore Crawler  
  72  5:05  Drone x6  
  76  5:11  Zerg Missile Weapons Level 1  
  76  5:14  Roach x2  
  76  5:15  Roach x4  
  76  5:19  Extractor  
  76  5:20  Spore Crawler  
  86  5:24  Extractor  
  86  5:26  Overlord  
  86  5:28  Drone x3  
  87  5:30  Overseer  
  87  5:35  Extractor  
  86  5:37  Drone x2  
  86  5:39  Drone  
  89  5:44  Hatchery, Overlord  
  89  5:48  Drone x3  
  89  5:49  Drone x2  
  93  5:50  Evolution Chamber  
  93  5:51  Extractor  
  93  5:53  Infestation Pit  
  93  5:54  Drone x4  
  93  5:56  Overlord  
  93  6:04  Roach  
  93  6:05  Roach x4  
  103  6:12  Overlord  
  101  6:20  Roach x5  
  100  6:34  Roach  
  100  6:35  Roach x5  
  108  6:49  Drone x8  
  111  7:03  Drone x4  
  111  7:04  Hive  
  112  7:10  Drone x3  
  115  7:20  Overlord  
  115  7:24  Drone x8  
  115  7:26  Spore Crawler  
  122  7:30  Overlord x4  
  122  7:32  Zerg Missile Weapons Level 2  
  122  7:33  Zerg Ground Armor Level 1  
  122  7:35  Hydralisk Den  
  122  7:36  Drone  
  122  7:38  Overlord x2  
  122  7:47  Drone x2  
  122  7:48  Extractor, Drone x2  
  122  7:49  Drone  
  125  7:53  Glial Reconstitution  
  125  7:55  Drone  
  125  7:56  Drone x5  
  127  7:59  Zergling x4  
  127  8:02  Ravager x2  
  127  8:03  Zergling x8, Roach x2  
  139  8:06  Overseer  
  139  8:07  Spore Crawler  
  139  8:08  Grooved Spines  
  139  8:11  Overlord x2  
  138  8:19  Roach x5  
  148  8:24  Lurker Den  
  144  8:30  Roach x7  
  144  8:31  Roach  
  136  8:41  Roach x2  
  136  8:42  Roach x6  
  136  8:44  Queen  
  138  8:51  Roach x4  
  138  8:55  Roach x4  
  123  9:04  Roach x6  
  128  9:20  Ravager  
  128  9:21  Ravager x2  
  128  9:22  Roach x7  
  144  9:31  Zergling x8  
  143  9:43  Queen x2  
  143  9:44  Hydralisk x2  
  151  9:46  Roach x2  
  151  9:47  Hatchery  
  154  9:53  Overlord x2  
  154  9:54  Overlord  
  146  10:11  Lurker x2  
  146  10:14  Roach x3  
  146  10:15  Roach x5  
  146  10:17  Ravager  
  146  10:18  Ravager  
  146  10:19  Drone  
  146  10:20  Spine Crawler  
  164  10:25  Seismic Spines  
  164  10:31  Roach x5  
  174  10:43  Spore Crawler  
  173  10:51  Hydralisk x3  
  173  10:52  Hydralisk x2  
  182  11:06  Extractor  
  182  11:07  Drone x9  
  188  11:17  Hydralisk x4  
  188  11:18  Roach  
  198  11:25  Overlord  
  198  11:26  Hatchery, Overlord x2  
  197  11:33  Overlord  
  197  11:34  Zerg Missile Weapons Level 3  
  197  11:48  Hatchery  
  190  12:03  Drone x3  
  190  12:04  Spine Crawler  
  190  12:06  Viper, Lurker x2  
  190  12:07  Viper  
  200  12:21  Zerg Ground Armor Level 2  
  200  12:22  Adaptive Talons  
  200  12:23  Muscular Augments  
  200  12:28  Hatchery  
  199  12:31  Zergling x2  
  195  12:48  Lurker x3  
  195  12:51  Hydralisk x2  
  190  12:52  Zergling x16  
  193  13:00  Drone  
  193  13:02  Queen x2  
  198  13:16  Evolution Chamber, Spine Crawler  
  198  13:17  Spine Crawler  
  198  13:18  Overlord  
  195  13:36  Overseer  
  195  13:37  Pneumatized Carapace  
  195  13:43  Spore Crawler  
  191  13:53  Queen x2, Ultralisk Cavern  
  194  13:57  Spine Crawler  
  194  13:58  Spine Crawler x2  
  194  13:59  Spine Crawler  
  189  14:04  Lurker x2  
  189  14:05  Lurker  
  192  14:11  Zerg Melee Weapons Level 1, Lurker x2  
  191  14:43  Drone x2  
  191  14:44  Drone, Chitinous Plating  
  179  14:48  Zergling x2  
  179  14:49  Zergling x4  
  179  14:52  Zerg Ground Armor Level 3, Adrenal Glands  
  172  15:06  Queen x4  
  178  15:11  Spore Crawler x2, Infestor x5  
  185  15:31  Drone x3  
  185  15:32  Spore Crawler, Hatchery  
  186  15:36  Drone x7  
  187  15:59  Spore Crawler  
  187  16:03  Spine Crawler x3, Anabolic Synthesis  
  187  16:04  Spine Crawler  
  182  16:05  Spine Crawler  
  182  16:06  Ultralisk x3  
  197  16:35  Hatchery  
  193  16:43  Spore Crawler, Ultralisk  
  193  16:44  Spore Crawler  
  193  16:45  Spore Crawler  
  196  16:47  Zerg Melee Weapons Level 2  
  182  16:54  Queen x4  
  182  17:00  Infestor x3  
  190  17:06  Evolution Chamber  
  190  17:07  Spore Crawler x2  
  187  17:09  Spore Crawler  
  187  17:10  Evolution Chamber  
  185  17:28  Hydralisk x7  
  198  17:44  Zergling x4  
  198  17:49  Overseer  
  198  18:05  Hatchery  
  198  18:12  Spire  
  196  18:13  Spire  
  196  18:18  Burrow  
  195  18:26  Queen x2  
  198  18:40  Zergling x2  
  198  18:41  Zergling x2  
  198  18:43  Zergling x2  
  199  19:08  Spore Crawler  
  195  19:10  Spore Crawler  
  195  19:15  Queen x3  
  199  19:20  Spore Crawler  
  199  19:23  Spine Crawler  
  197  19:30  Drone x2  
  197  19:31  Drone  
  200  19:52  Spore Crawler  
  198  19:59  Zergling x4  
  200  20:18  Spore Crawler  
  186  20:51  Spore Crawler, Ultralisk x2  
  186  20:52  Spore Crawler, Ultralisk  
  186  20:54  Queen x2  
  194  21:04  Spine Crawler  
  194  21:07  Spore Crawler  
  194  21:10  Drone x2  
  160  21:45  Queen  
  164  22:12  Spore Crawler  
  161  22:19  Hatchery  
Show
View Real Time Build Order
Export as new Build Order

DisK Protoss - Winner!

Build Orders: 1 Gate Expand, Oracle Opening, Carriers 

Get SALT Encoding   

  12  0:00  Probe  
  13  0:12  Probe  
  14  0:19  Pylon  
  14  0:24  Probe  
  15  0:37  Gateway, Probe (Chrono Boost)  
  16  0:47  Assimilator, Probe (Chrono Boost)  
  17  0:52  Probe (Chrono Boost)  
  18  1:04  Probe  
  19  1:16  Probe  
  20  1:23  Nexus  
  20  1:33  Cybernetics Core  
  20  1:36  Probe  
  21  1:42  Assimilator  
  21  1:48  Probe  
  21  1:52  Pylon  
  22  2:00  Probe (Chrono Boost)  
  23  2:07  Adept (Chrono Boost)  
  23  2:12  Probe (Chrono Boost)  
  26  2:16  Stargate  
  26  2:20  Probe  
  27  2:26  Warp Gate  
  27  2:31  Pylon  
  27  2:34  Probe (Chrono Boost)  
  27  2:37  Adept  
  30  2:41  Probe (Chrono Boost)  
  31  2:50  Probe (Chrono Boost)  
  33  2:51  Probe (Chrono Boost)  
  33  2:53  Void Ray (Chrono Boost)  
  33  2:57  Probe x2  
  39  3:08  Gateway  
  39  3:09  Probe  
  39  3:12  Probe  
  41  3:20  Pylon  
  41  3:21  Probe  
  41  3:24  Probe  
  43  3:31  Oracle (Chrono Boost)  
  46  3:38  Probe  
  46  3:39  Probe  
  48  3:46  Twilight Council  
  48  3:51  Pylon, Probe  
  49  3:56  Nexus  
  49  4:05  Probe x2  
  51  4:13  Gateway  
  51  4:14  Gateway  
  51  4:18  Probe  
  51  4:21  Shield Battery  
  51  4:22  Adept x2  
  57  4:24  Probe  
  57  4:27  Assimilator  
  57  4:33  Probe  
  57  4:34  Pylon, Resonating Glaives (Chrono Boost)  
  57  4:37  Probe  
  59  4:40  Assimilator  
  59  4:44  Adept  
  61  4:45  Probe  
  61  4:52  Pylon, Adept  
  64  4:57  Probe  
  65  5:09  Adept x3  
  65  5:10  Probe (Chrono Boost)  
  65  5:11  Probe x2 (Chrono Boost)  
  74  5:20  Robotics Facility  
  74  5:21  Pylon, Probe (Chrono Boost)  
  77  5:22  Probe x2 (Chrono Boost)  
  77  5:23  Pylon  
  77  5:26  Adept, Probe (Chrono Boost)  
  80  5:29  Probe x2  
  80  5:30  Pylon  
  80  5:35  Adept x2  
  86  5:36  Adept  
  86  5:42  Probe x3  
  91  5:47  Forge  
  91  5:49  Blink  
  91  5:51  Sentry  
  91  5:54  Probe x3  
  96  6:06  Gateway, Probe  
  96  6:07  Gateway  
  95  6:14  Probe  
  95  6:15  Sentry x4  
  102  6:20  Probe x2  
  102  6:21  Protoss Ground Weapons Level 1 (Chrono Boost)  
  104  6:25  Assimilator  
  104  6:26  Probe  
  104  6:29  Assimilator  
  101  6:33  Gateway, Probe x2  
  101  6:37  Gateway  
  103  6:43  Stalker, Immortal  
  103  6:44  Stalker x2  
  109  6:51  Stalker  
  109  6:55  Pylon  
  109  6:57  Pylon x2  
  109  7:06  Nexus  
  105  7:10  Pylon  
  105  7:15  Pylon, Stalker x4  
  111  7:19  Stalker  
  111  7:22  Immortal (Chrono Boost)  
  119  7:34  Pylon  
  119  7:38  Stalker x4  
  125  7:46  Stalker x2  
  125  7:47  Sentry  
  125  7:48  Sentry  
  125  7:49  Pylon  
  127  7:59  Observer (Chrono Boost)  
  127  8:02  Stalker x4  
  136  8:05  Pylon  
  136  8:07  Probe x2  
  136  8:09  Shield Battery  
  138  8:17  Gateway  
  138  8:18  Gateway  
  140  8:20  Warp Prism (Chrono Boost)  
  136  8:37  Zealot x2  
  132  8:41  Stalker x5  
  132  8:42  Stalker  
  130  8:57  Charge  
  130  8:58  Observer  
  130  9:01  Protoss Ground Weapons Level 2 (Chrono Boost)  
  126  9:12  Robotics Bay  
  126  9:16  Robotics Facility  
  124  9:20  Stalker x3  
  124  9:21  Stalker x7  
  138  9:31  Immortal (Chrono Boost)  
  135  9:40  Probe x2  
  135  9:41  Probe x2  
  135  9:44  Stalker x6  
  149  9:52  Probe  
  149  9:53  Probe  
  151  10:03  Assimilator, Disruptor (Chrono Boost)  
  151  10:05  Assimilator, Photon Cannon  
  154  10:07  Disruptor (Chrono Boost)  
  154  10:08  Gravitic Boosters  
  154  10:09  Photon Cannon  
  157  10:23  Photon Cannon  
  157  10:24  Photon Cannon  
  157  10:28  Nexus  
  157  10:30  Pylon  
  157  10:35  Disruptor  
  157  10:40  Observer  
  161  10:45  Pylon  
  161  10:49  Zealot x2  
  165  10:50  Zealot x6  
  165  10:51  Disruptor, Zealot  
  180  11:04  Photon Cannon  
  180  11:06  Disruptor, Photon Cannon  
  180  11:08  Shield Battery  
  169  11:13  Templar Archives  
  169  11:15  Dark Shrine  
  165  11:38  Fleet Beacon  
  165  11:42  Stargate  
  165  11:45  Stargate  
  165  11:46  Zealot x7  
  165  11:47  Zealot x2  
  181  11:48  Pylon  
  169  12:03  Probe x3  
  168  12:10  Protoss Ground Weapons Level 3 (Chrono Boost), Photon Cannon, Probe  
  168  12:11  Probe  
  168  12:12  Shield Battery  
  170  12:16  Photon Cannon  
  170  12:25  Immortal x2  
  170  12:26  Protoss Air Weapons Level 1 (Chrono Boost)  
  170  12:28  Photon Cannon  
  178  12:31  Shield Battery  
  178  12:32  Shield Battery  
  176  12:48  Assimilator  
  176  12:49  Assimilator, Stalker  
  190  12:51  Carrier x2  
  190  12:53  Carrier  
  196  13:13  Observer x2  
  198  13:20  Psionic Storm  
  198  13:26  Shadow Stride (Chrono Boost)  
  198  13:29  Nexus  
  198  13:31  Pylon  
  198  13:33  Sentry  
  200  13:38  Pylon  
  200  14:10  Photon Cannon  
  200  14:13  Photon Cannon, Gateway x2  
  200  14:15  Pylon  
  200  14:16  Photon Cannon  
  200  14:17  Shield Battery  
  200  14:18  Shield Battery  
  188  14:33  Zealot x4  
  188  14:34  Dark Templar x3  
  188  14:35  Zealot  
  188  14:36  Dark Templar  
  194  14:40  Zealot x2  
  194  14:44  Carrier x3 (Chrono Boost)  
  182  14:48  Probe  
  182  14:49  Probe x3  
  190  15:03  Probe x6  
  193  15:23  Pylon x2  
  193  15:32  Photon Cannon  
  193  15:35  Photon Cannon  
  193  15:37  Shield Battery, High Templar x2  
  193  15:38  High Templar  
  189  15:52  Carrier x2 (Chrono Boost)  
  189  15:53  High Templar x2, Carrier (Chrono Boost)  
  199  16:06  Protoss Shields Level 1 (Chrono Boost)  
  199  16:08  Cybernetics Core  
  199  16:14  Photon Cannon x2  
  199  16:16  Protoss Air Weapons Level 2 (Chrono Boost), Shield Battery  
  199  16:19  Assimilator  
  199  16:20  Assimilator  
  199  16:24  Pylon  
  199  16:38  Stalker  
  199  16:39  Stalker x2  
  197  16:41  Dark Templar x2  
  195  16:58  Protoss Air Armor Level 1 (Chrono Boost)  
  195  17:12  Nexus  
  195  17:13  Pylon  
  194  17:25  Zealot  
  180  17:46  Oracle (Chrono Boost), Carrier (Chrono Boost)  
  180  17:47  Carrier (Chrono Boost)  
  195  17:55  Stargate  
  195  17:56  Stargate  
  195  18:19  Nexus  
  195  18:22  Pylon  
  195  18:23  Unknown  
  195  18:26  Nexus, Pylon  
  194  18:29  Zealot x3  
  194  18:33  Flux Vanes  
  198  18:51  Oracle  
  198  18:54  Oracle  
  200  18:58  Protoss Air Weapons Level 3 (Chrono Boost)  
  200  18:59  Protoss Air Armor Level 2 (Chrono Boost)  
  190  19:27  Protoss Shields Level 2  
  182  19:41  Photon Cannon  
  182  19:42  Oracle  
  182  19:43  Photon Cannon, Carrier x2  
  182  19:45  Photon Cannon  
  197  19:47  Shield Battery  
  197  19:49  Shield Battery  
  197  19:52  Pylon  
  197  19:55  Photon Cannon  
  197  19:56  Photon Cannon  
  197  19:57  Photon Cannon  
  197  19:59  Photon Cannon  
  197  20:00  Photon Cannon  
  197  20:01  Shield Battery  
  197  20:03  Shield Battery  
  197  20:04  Pylon  
  197  20:06  Shield Battery  
  197  20:09  Pylon  
  197  20:16  Photon Cannon  
  197  20:18  Photon Cannon  
  197  20:19  Photon Cannon  
  197  20:21  Shield Battery  
  197  20:36  Dark Templar  
  186  21:43  Zealot x4  
  186  21:44  Zealot x3  
  177  22:18  Dark Templar x5  

Tags
 
Add a new tag
Caveats
  • Supply blocks, unpowered buildings, or Contaminate may cause inaccurate times.
  • Supply counts are checked every 10 seconds.